 Dungeon Crawl Stone Soup version 0.26-a0-1021-gda264ca44c (webtiles) character file.

Game seed: 12681136109231624038

140 jiml777 the Magician (level 5, -6/28 HPs)
             Began as a Deep Elf Air Elementalist on Dec 8, 2020.
             Killed by divine providence
             ... invoked by an orc priest
              (11 damage)
             ... on level 3 of the Dungeon.
             The game lasted 00:18:31 (3333 turns).

jiml777 the Magician (Deep Elf Air Elementalist)    Turns: 3333, Time: 00:18:31

Health: -6/28      AC:  3    Str:  5    XL:     5   Next: 2%
Magic:  7/13       EV: 13    Int: 21    God:
Gold:   82         SH:  0    Dex: 15    Spells: 3/13 levels left

rFire    . . .     SeeInvis .   p - +3 quarterstaff (chaos)
rCold    . . .     Faith    .   (shield currently unavailable)
rNeg     . . .     Spirit   .   a - +0 robe
rPois    .         Reflect  .   (no helmet)
rElec    .         Harm     .   l - +0 cloak
rCorr    .         Rampage  .   (no gloves)
Will     .....                  (no boots)
Stlth    ++........             h - amulet of the acrobat
HPRegen  0.09/turn              (no ring)
MPRegen  0.13/turn              (no ring)

@: very slightly contaminated
A: no striking features
a: no special abilities


You were on level 3 of the Dungeon.
You visited 1 branch of the dungeon, and saw 3 of its levels.

You collected 82 gold pieces.

Inventory:

Hand Weapons
 b - a +0 dagger
 p - a +3 quarterstaff of chaos (weapon)
Missiles
 m - 16 arrows
Armour
 a - a +0 robe (worn)
 l - a +0 cloak (worn)
Jewellery
 h - an amulet of the acrobat (around neck)
Scrolls
 d - a scroll of fear {unknown}
 f - a scroll of immolation {unknown}
 g - 2 scrolls of identify {unknown}
 j - 4 scrolls of remove curse {unknown}
 n - a scroll of amnesia {unknown}
 q - 3 scrolls of enchant armour {unknown}
Potions
 c - 3 potions of heal wounds {unknown}
 e - a potion of resistance {unknown}
 i - a potion of curing {unknown}
 k - a potion of brilliance {unknown}
 o - a potion of haste


   Skills:
 + Level 3.0 Dodging
 + Level 2.6 Stealth
 + Level 4.6 Spellcasting
 + Level 2.5 Conjurations
 + Level 4.1 Air Magic


You had 3 spell levels left.
You knew the following spells:

 Your Spells              Type           Power        Failure   Level
a - Shock                 Conj/Air       ###.         2%          1
b - Swiftness             Air            ###.....     3%          2
c - Static Discharge      Conj/Air       ###.....     9%          3
d - Airstrike             Air            ###.......   21%         4

Your spell library contained the following spells:

 Spells                   Type           Power        Failure   Level
 Lightning Bolt           Conj/Air       ###.......   61%         5


Dungeon Overview and Level Annotations

Branches:
Dungeon (3/15)

Altars:
Cheibriados
Gozag
Hepliaklqana
Nemelex Xobeh
Qazlal
Vehumet
Yredelemnul


Message History

Casting: Shock (safe; 2% risk of failure)
Confirm with . or Enter, or press ? or * to list all spells.
Aiming: Shock (safe; 2% risk of failure)
Press: ? - help, Shift-Dir - straight line You miscast Shock.
You are very lightly contaminated with residual magic.
Nothing appears to happen.
The orc priest hits you with a +0 flail.
* * * LOW HITPOINT WARNING * * *
Casting: Shock (safe; 2% risk of failure)
Confirm with . or Enter, or press ? or * to list all spells.
Aiming: Shock (safe; 2% risk of failure)
Press: ? - help, Shift-Dir - straight line The zap hits the orc priest.
The orc priest is severely wounded.
The zap hits the orc priest.
The orc priest is severely wounded.
The orc priest invokes the aid of Beogh against you.
Beogh smites you!
You die...

#.###.#...##.#..#..#.## ##.##
#.##........#..#†.#.._####...#
#.##.......#..#..#..###.<.#...
#<##.......##...#...# ####...#
#.##........######### #..##
#........#### #.## ####.#####
#.# #.# ######+## #.# #.#
#.@.....# #.# #.#
#####o####..# .# #.#
#........o..# #.#
#.###.#####.# ##.###.# #.#
#......# #.# ##.##### #.# ###
#.# #..


You could see an orc priest.

Vanquished Creatures
  Crazy Yiuf (D:3)
  An adder (D:3)
  3 worms
  3 dart slugs
  3 leopard geckos
  9 orcs (D:3)
  12 bats
  6 goblins
  5 hobgoblins
  11 jackals
  2 quokkas
  2 frilled lizards
  8 kobolds
  5 rats
71 creatures vanquished.

Notes
Turn   | Place    | Note
-------+----------+-------------------------------------------
     0 | D:1      | jiml777 the Deep Elf Air Elementalist began the quest for
                  | the Orb.
     0 | D:1      | Reached XP level 1. HP: 10/10 MP: 6/6
    78 | D:1      | Reached XP level 2. HP: 2/15 MP: 0/8
  1206 | D:2      | Learned a level 2 spell: Swiftness
  1416 | D:2      | Reached XP level 3. HP: 19/19 MP: 3/10
  2412 | D:3      | Found a radiant altar of Vehumet.
  2465 | D:3      | Found a runed translucent door.
  2466 | D:3      | Noticed Crazy Yiuf
  2519 | D:3      | Killed Crazy Yiuf
  2520 | D:3      | Reached XP level 4. HP: 16/24 MP: 4/12
  2656 | D:3      | Found a sparkling altar of Nemelex Xobeh.
  2656 | D:3      | Found a hazy altar of Hepliaklqana.
  2706 | D:3      | Found a stormy altar of Qazlal.
  3005 | D:3      | Learned a level 3 spell: Static Discharge
  3010 | D:3      | Learned a level 4 spell: Airstrike
  3111 | D:3      | Found an opulent altar of Gozag.
  3183 | D:3      | Found a snail-covered altar of Cheibriados.
  3250 | D:3      | Found a basalt altar of Yredelemnul.
  3297 | D:3      | Reached XP level 5. HP: 28/28 MP: 10/13
  3333 | D:3      | Killed from afar by an orc priest

Illustrated notes

Levels and vault maps discovered:
D:1:      lightli_iron_boxes, layout_loops_ring, minmay_tetromino_i4
D:2:      layout_basic, minmay_misc_feat_five
D:3:      layout_loops_corners, marbit_many_paths, vehumet_crystals,
          nicolae_gozag_cash_rules_everything_around_me, cheibriados_altar_1,
          gammafunk_temple_overflow_statue, grunt_qazlal_sundering,
          lemuel_blue_sif_altar, uniq_crazy_yiuf_cottage

Skill      XL: |  1  2  3  4 |
---------------+-------------+-----
Spellcasting   | 4 |  4.6
Dodging        | 3 |  3.0
Conjurations   | 2 |  2.5
Air Magic      | 4 |  4.1
Stealth        | |  2.6

Action                   |  1- 3 |  4- 6 || total
-------------------------+-------+-------++-------
Melee: Dagger            |     5 |       ||     5
 Cast: Shock             |    88 |    54 ||   142
       Swiftness         |     1 |       ||     1
Armor: Robe              |     9 |     4 ||    13
Dodge: Dodged            |    31 |     5 ||    36

Table legend: (Time is in decaauts)
 A = Elapsed time spent in this place.
 B = Non-inter-level travel time spent in this place.
 C = Inter-level travel time spent in this place.
 D = Time resting spent in this place.
 E = Time spent auto-exploring this place.
 F = Levels seen in this place.
 G = Mean time per level.
                   A        B        C        D        E       F      G
               +--------+--------+--------+--------+--------+-----+--------+
         Total |   3328 |   3300 |     28 |   1112 |   1634 |   3 | 1109.3 |
       Dungeon |   3328 |   3300 |     28 |   1112 |   1634 |   3 | 1109.3 |
               +--------+--------+--------+--------+--------+-----+--------+

Top non-repeatable levels by time:
     D:1: 1177 daAuts
     D:2: 1161 daAuts
     D:3: 989 daAuts
